AoeStats
← zephyrutia

Black Forest

508009801Analyzed
3v3 RM · 12d ago on Sep 20, 2026· 53m 6s· 6 players
Game mode
Random Map
Map size
Normal (6 player)
Population
200
Speed
Normal
Resources
Standard
Victory
Conquest
Starting age
Dark Age
Ending age
Imperial Age
RankedLock teamsTeams togetherTeam positionsShared explorationLock speedFull tech treeHidden civsTurbo modeCheats
Victory
Defeat
🇺🇸 Turks · United States
880
+12
🇳🇵 Vietnamese · Nepal
832
+31
🇳🇵 Bulgarians · Nepal
825
+25
🇫🇷 Franks · France
852
-22
🇺🇸 Wei · United States
773
-13
🇺🇸 Britons · United States
717
-11
golden_crab
1:09 Loom
9:53 Feudal Age
11:05 Double-Bit Axe
21:34 Castle Age
23:10 Bow Saw
23:15 Caravan
23:26 Gold Mining
27:07 Scale Barding Armor
30:15 Gold Shaft Mining
30:22 Wheelbarrow
30:32 Chain Barding Armor
30:47 Husbandry
30:50 Tuntian
32:36 Horse Collar
33:23 Bloodlines
34:08 Stone Mining
38:30 Imperial Age
37:53 Forging
38:10 Hand Cart
39:37 Ming Guang Armor
39:33 Conscription
38:57 Heavy Hei Guang Cavalry
42:00 Heavy Plow
41:48 Town Watch
43:26 Iron Casting
45:23 Blast Furnace
45:01 Heavy Scorpion
48:07 Elite Skirmisher
48:59 Fletching
50:02 Stone Shaft Mining
Rat Meat Pizza
0:27 Loom
16:34 Feudal Age
18:21 Wheelbarrow
17:38 Gold Mining
17:43 Double-Bit Axe
18:41 Horse Collar
25:19 Castle Age
23:57 Stone Mining
26:19 Hand Cart
26:07 Heavy Plow
26:20 Bow Saw
26:48 Gold Shaft Mining
35:35 Padded Archer Armor
36:14 Fletching
39:11 Ballistics
41:37 Leather Archer Armor
41:17 Bodkin Arrow
43:28 Yeomen
47:29 Imperial Age
47:39 Elite Longbowman
49:31 Chemistry
50:03 Ring Archer Armor
49:33 Bracer
OrMercure41
0:40 Loom
10:55 Feudal Age
11:23 Double-Bit Axe
11:32 Stone Mining
21:46 Castle Age
21:58 Pikeman
22:39 Squires
22:33 Gold Mining
27:43 #83
28:32 Bow Saw
31:22 Gold Shaft Mining
32:46 Forging
32:37 Scale Mail Armor
32:58 Husbandry
37:57 Fortified Wall
38:35 Iron Casting
zephyrutia
8:58 Loom
11:35 Feudal Age
16:59 Castle Age
14:57 Double-Bit Axe
23:03 Imperial Age
20:17 Horse Collar
25:42 Wheelbarrow
25:26 Padded Archer Armor
37:22 Town Watch
38:38 Hand Cart
39:50 Murder Holes
42:14 Bombard Tower
43:31 Leather Archer Armor
44:57 Ring Archer Armor
Blast
5:41 Loom
11:38 Feudal Age
17:51 Castle Age
15:52 Double-Bit Axe
20:57 Bow Saw
22:56 Gold Mining
33:42 Imperial Age
31:48 Ballistics
31:58 Fletching
32:37 Stone Mining
32:46 Bodkin Arrow
33:11 Padded Archer Armor
34:29 Bracer
34:46 Leather Archer Armor
36:29 Elite Rattan Archer
39:34 Paper Money
40:09 Ring Archer Armor
39:55 Forging
44:18 Chemistry
46:05 Stone Shaft Mining
46:11 Theocracy
46:22 Iron Casting
45:48 Scale Mail Armor
47:24 Caravan
50:10 Treadmill Crane
51:47 Two-Man Saw
Magikarp
4:26 Loom
12:57 Feudal Age
14:14 Double-Bit Axe
16:51 Horse Collar
20:45 Castle Age
19:25 Gold Mining
33:16 Forging
33:07 Scale Mail Armor
33:12 Scale Barding Armor
38:05 Iron Casting
39:02 Chain Mail Armor
42:09 Imperial Age
39:48 Gambesons
40:06 Squires
39:53 Arson
42:07 Wheelbarrow
41:18 Town Watch
43:07 Hand Cart
43:57 Blast Furnace
43:27 Plate Mail Armor
43:20 Chain Barding Armor
45:51 Plate Barding Armor
45:25 Caravan
45:58 Coinage
46:55 Town Patrol
47:45 Elite Konnik
48:41 Bow Saw
48:49 Husbandry
49:01 Bloodlines
49:07 Bloodlines
48:58 Husbandry
Connection lost

Rejoining the realm…

Still unreachable

The connection could not be restored.

Session expired

The server has moved on; the page needs a fresh start.